ST. LOUIS Blues vs COLUMBUS Blue Jackets

Created - 25 février 2024 at 14:45

Goals
1 2 3 T
ST. LOUIS Blues 1 2 0 3
COLUMBUS Blue Jackets 2 3 1 6
Shots
1 2 3 T
ST. LOUIS Blues 16 8 9 33
COLUMBUS Blue Jackets 7 9 11 27

1st period

1. ST. LOUIS Blues , Jack Roslovic 5 (Gustav Forsling 16, Roope Hintz 18) at 5:22
2. COLUMBUS Blue Jackets , Neal Pionk 3 (Andre Burakovsky 6, Lars Eller 7) at 8:03
3. COLUMBUS Blue Jackets , Dmitry Orlov 7 (Artturi Lehkonen 21, Ryan Pulock 21) at 19:36 (PP)

Penalties :
Calle Jarnkrok (STL) for Delaying the game (Minor) at 1:27, Anthony Cirelli (CLB) for Tripping (Minor) at 8:31, Neal Pionk (CLB) for Slashing (Minor) at 10:55, Gustav Forsling (STL) for Slashing (Minor) at 18:25

2nd period

4. COLUMBUS Blue Jackets , Lars Eller 3 (Matt Benning 5, Kailer Yamamoto 12) at 3:06
5. COLUMBUS Blue Jackets , Matt Benning 1 (Lars Eller 8, Andre Burakovsky 7) at 5:14
6. ST. LOUIS Blues , Calle Jarnkrok 7 (Jack Roslovic 9, Erik Karlsson 16) at 12:36
7. COLUMBUS Blue Jackets , Evan Rodrigues 9 (Ondrej Palat 7, Calvin de Haan 3) at 15:15
8. ST. LOUIS Blues , Jonathan Marchessault 10 (Oliver Bjorkstrand 15) at 17:41

Penalties :
Erik Karlsson (STL) for Hooking (Minor) at 10:09

3rd period

9. COLUMBUS Blue Jackets , Blake Coleman 14 (Anthony Cirelli 21) at 17:09

Penalties :
Evgeny Kuznetsov (STL) for Roughing (Minor) at 14:02, Jack Roslovic (STL) for Hooking (Minor) at 18:21

Goalie Stats

Marc-Andre Fleury (STL), 10 saves from 11 shots - (0,909), 24:45 minutes
Filip Gustavsson (STL), 11 saves from 16 shots - (0,688), L, 13-11-1, 35:15 minutes
Thatcher Demko (CLB), 30 saves from 33 shots - (0,909), W, 13-13-3, 60:00 minutes

Players Stats for ST. LOUIS Blues

Player Name              G  A  P  +/- PIM S  H  SB GA TA FO     MP     PP MP  PK MP  
------------------------------------------------------------------------------------
Brandon Tanev            0  0  0   0  0   0  2  0  0  0  0/1    15:02   0:00   2:21 
Calle Jarnkrok           1  0  1   0  2   2  0  0  0  0  0/1    14:19   0:00   0:29 
Colin Miller             0  0  0  -2  0   1  0  2  0  0  0/0    13:18   1:44   0:00 
Damon Severson           0  0  0  -3  0   3  2  0  0  0  0/0    19:58   1:44   3:12 
Erik Brannstrom          0  0  0   1  0   0  1  0  0  0  0/0     2:10   0:00   0:00 
Erik Gustafsson          0  0  0  -3  0   0  0  2  0  0  0/0    17:08   0:00   2:06 
Erik Haula               0  0  0   0  0   1  1  0  0  0  12/18  17:14   1:29   3:04 
Erik Karlsson            0  1  1   3  2   1  2  0  0  0  0/0    26:55   2:14   4:02 
Evgeny Kuznetsov         0  0  0  -2  2   5  3  0  0  0  15/24  17:35   1:29   0:00 
Gustav Forsling          0  1  1   2  2   1  5  1  0  0  0/0    24:42   2:14   3:59 
Jack Roslovic            1  1  2   0  2   5  1  0  0  0  1/1    15:19   1:29   0:00 
Jonathan Marchessault    1  0  1  -2  0   4  1  0  0  0  0/1    24:32   2:29   5:56 
Kevin Labanc             0  0  0   0  0   0  0  0  0  0  0/0     4:37   0:00   0:00 
Marcus Johansson         0  0  0   0  0   1  0  0  0  0  0/0    12:41   0:00   0:00 
Oliver Bjorkstrand       0  1  1  -2  0   2  0  0  0  0  0/2    18:36   2:29   0:00 
Oscar Klefbom            0  0  0  -2  0   0  2  1  0  0  0/0    15:47   0:00   4:13 
Robby Fabbri             0  0  0   0  0   0  0  0  0  0  1/5     4:37   0:00   0:00 
Roope Hintz              0  1  1   0  0   7  3  1  0  0  12/27  26:39   2:29   5:42 

Players Stats for COLUMBUS Blue Jackets

Player Name              G  A  P  +/- PIM S  H  SB GA TA FO     MP     PP MP  PK MP  
------------------------------------------------------------------------------------
Andre Burakovsky         0  2  2   2  0   1  0  0  0  0  0/1    14:35   0:01   0:00 
Anthony Cirelli          0  1  1   1  2   5  1  0  0  0  9/25   19:46   4:21   0:00 
Artturi Lehkonen         0  1  1   1  0   2  0  0  0  0  0/0    19:47   4:21   0:00 
Blake Coleman            1  0  1   1  0   2  0  0  0  0  1/3    21:08   4:21   1:21 
Calvin de Haan           0  1  1   1  0   2  1  2  0  0  0/0    12:55   0:01   0:53 
Dmitry Orlov             1  0  1   1  0   2  4  0  0  0  0/0    25:16   4:28   2:15 
Eric Staal               0  0  0   0  0   0  0  0  0  0  10/15  12:11   0:00   1:21 
Evan Rodrigues           1  0  1   0  0   2  1  0  0  0  8/11   17:51   4:24   2:37 
Kailer Yamamoto          0  1  1   2  0   1  2  0  0  0  0/0    18:58   4:24   0:00 
Lars Eller               1  2  3   2  0   3  2  0  0  0  6/16   14:44   0:00   0:10 
Martin Fehervary         0  0  0   0  0   1  2  3  0  0  0/0    22:42   4:17   1:43 
Matt Benning             1  1  2   1  0   1  0  0  0  0  0/0    12:02   0:01   0:00 
Neal Pionk               1  0  1   0  2   3  0  1  0  0  0/0    21:48   4:17   0:50 
Ondrej Palat             0  1  1   0  0   1  0  0  0  0  1/1    15:14   4:24   0:00 
Ryan Poehling            0  0  0  -1  0   0  1  0  0  0  0/0     6:27   0:01   0:00 
Ryan Pulock              0  1  1   1  0   1  1  0  0  0  0/0    25:16   4:28   2:15 
Travis Boyd              0  0  0  -1  0   0  1  1  0  0  4/8     6:26   0:00   0:00 
Zemgus Girgensons        0  0  0  -1  0   0  0  1  0  0  0/0     8:54   0:01   2:27 

3 Stars

1 - Lars Eller (CLB)
2 - Matt Benning (CLB)
3 - Dmitry Orlov (CLB)

Power Play

ST. LOUIS Blues - 0 on 2 Attempt(s) - 0,00%
COLUMBUS Blue Jackets - 1 on 5 Attempt(s) - 20,00%

Penalty Kill

ST. LOUIS Blues - 4 on 5 Attempt(s) - 80,00% - Score 0 goal in Penalty Kill
COLUMBUS Blue Jackets - 2 on 2 Attempt(s) - 100,00% - Score 0 goal in Penalty Kill

Team Stat

ST. LOUIS Blues - Hits : 23 - Faceoff Wins : 41 - Blocked Shots : 7 - Penalty Minutes : 10
COLUMBUS Blue Jackets - Hits : 16 - Faceoff Wins : 39 - Blocked Shots : 8 - Penalty Minutes : 4

Official

Referees : Jestina Vichorek and Justin St. Pierre
Linesman : Kyle Flemington and Matt MacPherson

Game Notes

Marc-Andre Fleury enters game at 15:15 of 2nd period

Finance

Level 1 -- Attendance: 5290 (87,44%) -- Ticket Income $523,710
Level 2 -- Attendance: 3978 (78,77%) -- Ticket Income $234,702
Level 3 -- Attendance: 1893 (91,23%) -- Ticket Income $70,041
Level 4 -- Attendance: 4103 (100,00%) -- Ticket Income $61,545
Luxury Box -- Attendance: 748 (74,28%) -- Ticket Income $155,584
Game was played at the Nationwide Arena.
Total Attendance: 16012 (87,57%)
Total Ticket Income: $1,045,582
Other Income: $261,396
Total Income: $1,306,978

ST. LOUIS Blues

5 vs 5 Forward 
   Center                   Left Wing                Right Wing               Time % Phy DF OF 
 1 Evgeny Kuznetsov         Jonathan Marchessault    Oliver Bjorkstrand       35     1   2  2  
 2 Roope Hintz              Calle Jarnkrok           Jack Roslovic            35     1   2  2  
 3 Erik Haula               Brandon Tanev            Marcus Johansson         20     1   2  2  
 4 Robby Fabbri             Kevin Labanc             Roope Hintz              10     1   2  2  

5 vs 5 Defense 
   Defense                  Defense                                           Time % Phy DF OF 
 1 Erik Karlsson            Gustav Forsling                                   40     1   2  2  
 2 Damon Severson           Erik Gustafsson                                   30     1   2  2  
 3 Colin Miller             Oscar Klefbom                                     20     1   2  2  
 4 Erik Brannstrom          Erik Karlsson                                     10     1   2  2  

PowerPlay Forward 
   Center                   Left Wing                Right Wing               Time % Phy DF OF 
 1 Roope Hintz              Jonathan Marchessault    Oliver Bjorkstrand       60     1   2  2  
 2 Erik Haula               Evgeny Kuznetsov         Jack Roslovic            40     1   2  2  

PowerPlay Defense
   Defense                  Defense                                           Time % Phy DF OF 
 1 Erik Karlsson            Gustav Forsling                                   60     1   2  2  
 2 Damon Severson           Colin Miller                                      40     1   2  2  

Penalty Kill 4 Players Forward 
   Center                   Wing                     Time % Phy DF OF 
 1 Roope Hintz              Jonathan Marchessault    60     1   2  2  
 2 Erik Haula               Brandon Tanev            40     1   2  2  

Penalty Kill 4 Players Defense
   Defense                  Defense                  Time % Phy DF OF 
 1 Erik Karlsson            Gustav Forsling          60     1   2  2  
 2 Damon Severson           Oscar Klefbom            40     1   2  2  

Penalty Kill - 3 Players Forward 
   Forward                                           Time % Phy DF OF 
 1 Roope Hintz                                       60     1   2  2  
 2 Jonathan Marchessault                             40     1   2  2  

Penalty Kill - 3 Players Defense
   Defense                  Defense                  Time % Phy DF OF 
 1 Erik Karlsson            Gustav Forsling          60     1   2  2  
 2 Damon Severson           Oscar Klefbom            40     1   2  2  

4 vs 4 Forward 
   Center                   Wing                     Time % Phy DF OF 
 1 Roope Hintz              Jonathan Marchessault    60     1   2  2  
 2 Erik Haula               Oliver Bjorkstrand       40     1   2  2  

4 vs 4 Defense
   Defense                  Defense                  Time % Phy DF OF 
 1 Erik Karlsson            Gustav Forsling          60     1   2  2  
 2 Damon Severson           Colin Miller             40     1   2  2  

Last Minutes Offensive
   Center                   Left Wing                Right Wing               Defense                  Defense                  
   Roope Hintz              Jonathan Marchessault    Oliver Bjorkstrand       Erik Karlsson            Gustav Forsling          

Last Minutes Defensive
   Center                   Left Wing                Right Wing               Defense                  Defense                  
   Roope Hintz              Jonathan Marchessault    Oliver Bjorkstrand       Erik Karlsson            Gustav Forsling          

Goaltenders
Starting : Filip Gustavsson         
Backup : Marc-Andre Fleury        

Extra Forwards
Normal : Evgeny Kuznetsov, Brandon Tanev, Roope Hintz - PP : Evgeny Kuznetsov, Brandon Tanev - PK : Roope Hintz
Extra Defensemen
Normal : Colin Miller, Oscar Klefbom, Erik Karlsson - PP : Colin Miller - PK : Oscar Klefbom, Erik Karlsson
Penalty Shots
Roope Hintz, Jonathan Marchessault, Erik Karlsson, Erik Haula, Gustav Forsling

Scratches
None

COLUMBUS Blue Jackets

5 vs 5 Forward 
   Center                   Left Wing                Right Wing               Time % Phy DF OF 
 1 Anthony Cirelli          Artturi Lehkonen         Blake Coleman            40     0   3  2  
 2 Lars Eller               Andre Burakovsky         Kailer Yamamoto          30     0   3  2  
 3 Eric Staal               Evan Rodrigues           Ondrej Palat             20     0   4  1  
 4 Travis Boyd              Ryan Poehling            Zemgus Girgensons        10     0   4  1  

5 vs 5 Defense 
   Defense                  Defense                                           Time % Phy DF OF 
 1 Dmitry Orlov             Ryan Pulock                                       40     0   3  2  
 2 Neal Pionk               Martin Fehervary                                  30     0   4  1  
 3 Matt Benning             Calvin de Haan                                    20     0   5  0  
 4 Dmitry Orlov             Ryan Pulock                                       10     1   3  1  

PowerPlay Forward 
   Center                   Left Wing                Right Wing               Time % Phy DF OF 
 1 Anthony Cirelli          Artturi Lehkonen         Blake Coleman            60     0   1  4  
 2 Evan Rodrigues           Ondrej Palat             Kailer Yamamoto          40     0   1  4  

PowerPlay Defense
   Defense                  Defense                                           Time % Phy DF OF 
 1 Dmitry Orlov             Ryan Pulock                                       60     0   1  4  
 2 Neal Pionk               Martin Fehervary                                  40     0   1  4  

Penalty Kill 4 Players Forward 
   Center                   Wing                     Time % Phy DF OF 
 1 Evan Rodrigues           Zemgus Girgensons        60     0   5  0  
 2 Eric Staal               Blake Coleman            40     0   5  0  

Penalty Kill 4 Players Defense
   Defense                  Defense                  Time % Phy DF OF 
 1 Dmitry Orlov             Ryan Pulock              60     0   5  0  
 2 Neal Pionk               Martin Fehervary         40     0   5  0  

Penalty Kill - 3 Players Forward 
   Forward                                           Time % Phy DF OF 
 1 Artturi Lehkonen                                  60     0   5  0  
 2 Anthony Cirelli                                   40     0   5  0  

Penalty Kill - 3 Players Defense
   Defense                  Defense                  Time % Phy DF OF 
 1 Dmitry Orlov             Ryan Pulock              60     0   5  0  
 2 Neal Pionk               Martin Fehervary         40     0   5  0  

4 vs 4 Forward 
   Center                   Wing                     Time % Phy DF OF 
 1 Lars Eller               Andre Burakovsky         60     0   3  2  
 2 Artturi Lehkonen         Evan Rodrigues           40     0   3  2  

4 vs 4 Defense
   Defense                  Defense                  Time % Phy DF OF 
 1 Dmitry Orlov             Ryan Pulock              60     0   4  1  
 2 Neal Pionk               Martin Fehervary         40     0   4  1  

Last Minutes Offensive
   Center                   Left Wing                Right Wing               Defense                  Defense                  
   Anthony Cirelli          Artturi Lehkonen         Blake Coleman            Dmitry Orlov             Ryan Pulock              

Last Minutes Defensive
   Center                   Left Wing                Right Wing               Defense                  Defense                  
   Anthony Cirelli          Artturi Lehkonen         Blake Coleman            Dmitry Orlov             Ryan Pulock              

Goaltenders
Starting : Thatcher Demko           
Backup : Mackenzie Blackwood      

Extra Forwards
Normal : Ryan Poehling, Anthony Cirelli, Zemgus Girgensons - PP : Blake Coleman, Ryan Poehling - PK : Lars Eller
Extra Defensemen
Normal : Matt Benning, Calvin de Haan, Neal Pionk - PP : Matt Benning - PK : Calvin de Haan, Neal Pionk
Penalty Shots
Artturi Lehkonen, Anthony Cirelli, Blake Coleman, Evan Rodrigues, Kailer Yamamoto

Scratches
Max Pacioretty (Healthy), Jake Evans (Healthy)

% Time on Ice - ST. LOUIS Blues

Lines # - Real PCT - Wanted PCT - Time Play
Normal Forward
1 - 34% - 35% - 16:07
2 - 29% - 35% - 13:51
3 - 27% - 20% - 12:41
4 - 10% - 10% - 4:37
Normal Defense
1 - 39% - 40% - 18:30
2 - 32% - 30% - 15:02
3 - 24% - 20% - 11:34
4 - 5% - 10% - 2:10
PP Forward
1 - 63% - 60% - 2:29
2 - 37% - 40% - 1:29
PP Defense
1 - 56% - 60% - 2:14
2 - 44% - 40% - 1:44
PK Forward
1 - 73% - 60% - 6:25
2 - 27% - 40% - 2:21
PK Defense
1 - 63% - 60% - 5:34
2 - 37% - 40% - 3:12
PK3 Forward
1 - 0% - 60%
2 - 0% - 40%
PK3 Defense
1 - 0% - 60%
2 - 0% - 40%
44 Forward
1 - 0% - 60%
2 - 0% - 40%
44 Defense
1 - 0% - 60%
2 - 0% - 40%
Last Minute Offensive  - 0:00
Last Minute Defensive  - 0:00
Total
Forward - 60:00
Defense - 60:00

% Time on Ice - COLUMBUS Blue Jackets

Lines # - Real PCT - Wanted PCT - Time Play
Normal Forward
1 - 33% - 40% - 15:26
2 - 31% - 30% - 14:34
3 - 23% - 20% - 10:50
4 - 14% - 10% - 6:26
Normal Defense
1 - 37% - 40% - 17:22
2 - 35% - 30% - 16:42
3 - 25% - 20% - 12:01
4 - 3% - 10% - 1:11
PP Forward
1 - 50% - 60% - 4:22
2 - 50% - 40% - 4:24
PP Defense
1 - 51% - 60% - 4:29
2 - 49% - 40% - 4:17
PK Forward
1 - 66% - 60% - 2:37
2 - 34% - 40% - 1:21
PK Defense
1 - 57% - 60% - 2:15
2 - 43% - 40% - 1:43
PK3 Forward
1 - 0% - 60%
2 - 0% - 40%
PK3 Defense
1 - 0% - 60%
2 - 0% - 40%
44 Forward
1 - 0% - 60%
2 - 0% - 40%
44 Defense
1 - 0% - 60%
2 - 0% - 40%
Last Minute Offensive  - 0:00
Last Minute Defensive  - 0:00
Total
Forward - 60:00
Defense - 60:00

Play-by-Play

1st period


0:01 of 1st period - Evgeny Kuznetsov wins face-off versus Anthony Cirelli in neutral zone.
1:02 of 1st period - Ryan Pulock is hit by Damon Severson and loses puck.
1:19 of 1st period - Ryan Pulock is hit by Roope Hintz and loses puck.
1:27 of 1st period - Minor Penalty to Calle Jarnkrok for Delaying the game.
1:28 of 1st period - Roope Hintz wins face-off versus Evan Rodrigues in ST. LOUIS Blues zone.
1:40 of 1st period - Icing by Martin Fehervary.
1:41 of 1st period - Evan Rodrigues wins face-off versus Roope Hintz in COLUMBUS Blue Jackets zone.
2:08 of 1st period - Oscar Klefbom is hit by Kailer Yamamoto and loses puck.
2:19 of 1st period - Shot by Evan Rodrigues.
2:19 of 1st period - Deflect By Kailer Yamamoto.
2:19 of 1st period - Stopped by Filip Gustavsson without a rebound.
2:20 of 1st period - Roope Hintz wins face-off versus Anthony Cirelli in ST. LOUIS Blues zone.
3:08 of 1st period - Kailer Yamamoto is hit by Gustav Forsling and loses puck.
3:11 of 1st period - Shot by Neal Pionk.
3:11 of 1st period - Stopped by Filip Gustavsson with a rebound.
3:16 of 1st period - Evan Rodrigues is hit by Gustav Forsling and loses puck.
3:53 of 1st period - Shot by Oliver Bjorkstrand.
3:53 of 1st period - Shot Blocked by Calvin de Haan.
4:31 of 1st period - Ryan Poehling is hit by Damon Severson.
4:45 of 1st period - Off-side.
4:46 of 1st period - Roope Hintz wins face-off versus Lars Eller in neutral zone.
5:04 of 1st period - Shot by Roope Hintz.
5:04 of 1st period - Shot Misses the Net.
5:06 of 1st period - Shot by Roope Hintz.
5:06 of 1st period - Shot Misses the Net.
5:12 of 1st period - Shot by Jack Roslovic.
5:12 of 1st period - Shot Misses the Net.
5:22 of 1st period - Shot by Jack Roslovic.
5:22 of 1st period - Goal by Jack Roslovic - ST. LOUIS Blues : 1 - COLUMBUS Blue Jackets : 0.
5:23 of 1st period - Evgeny Kuznetsov wins face-off versus Eric Staal in neutral zone.
5:34 of 1st period - Shot by Evan Rodrigues.
5:34 of 1st period - Shot Blocked by Colin Miller.
5:56 of 1st period - Icing by Oliver Bjorkstrand.
5:57 of 1st period - Evgeny Kuznetsov wins face-off versus Anthony Cirelli in ST. LOUIS Blues zone.
6:22 of 1st period - Shot by Anthony Cirelli.
6:22 of 1st period - Stopped by Filip Gustavsson with a rebound.
6:46 of 1st period - Shot by Jack Roslovic.
6:46 of 1st period - Stopped by Thatcher Demko without a rebound.
6:47 of 1st period - Lars Eller wins face-off versus Erik Haula in COLUMBUS Blue Jackets zone.
7:11 of 1st period - Off-side.
7:12 of 1st period - Eric Staal wins face-off versus Robby Fabbri in neutral zone.
7:27 of 1st period - Shot by Eric Staal.
7:27 of 1st period - Shot Misses the Net.
7:46 of 1st period - Kevin Labanc is hit by Calvin de Haan and loses puck.
7:55 of 1st period - Shot by Roope Hintz.
7:55 of 1st period - Stopped by Thatcher Demko without a rebound.
7:56 of 1st period - Lars Eller wins face-off versus Evgeny Kuznetsov in COLUMBUS Blue Jackets zone.
8:03 of 1st period - Shot by Neal Pionk.
8:03 of 1st period - Goal by Neal Pionk - ST. LOUIS Blues : 1 - COLUMBUS Blue Jackets : 1.
8:04 of 1st period - Lars Eller wins face-off versus Erik Haula in neutral zone.
8:18 of 1st period - Off-side.
8:19 of 1st period - Evgeny Kuznetsov wins face-off versus Anthony Cirelli in neutral zone.
8:19 of 1st period - Oliver Bjorkstrand is hit by Anthony Cirelli and loses puck.
8:31 of 1st period - Minor Penalty to Anthony Cirelli for Tripping.
8:32 of 1st period - Evan Rodrigues wins face-off versus Oliver Bjorkstrand in COLUMBUS Blue Jackets zone.
8:32 of 1st period - Dmitry Orlov is hit by Jonathan Marchessault and loses puck.
9:14 of 1st period - Shot by Jonathan Marchessault.
9:14 of 1st period - Stopped by Thatcher Demko with a rebound.
9:42 of 1st period - Shot by Colin Miller.
9:42 of 1st period - Shot Misses the Net.
9:44 of 1st period - Shot by Damon Severson.
9:44 of 1st period - Stopped by Thatcher Demko with a rebound.
9:46 of 1st period - Shot by Colin Miller.
9:46 of 1st period - Stopped by Thatcher Demko without a rebound.
9:47 of 1st period - Eric Staal wins face-off versus Erik Haula in COLUMBUS Blue Jackets zone.
10:02 of 1st period - Shot by Evgeny Kuznetsov.
10:02 of 1st period - Stopped by Thatcher Demko without a rebound.
10:03 of 1st period - Evan Rodrigues wins face-off versus Roope Hintz in COLUMBUS Blue Jackets zone.
10:09 of 1st period - Icing by Roope Hintz.
10:10 of 1st period - Evan Rodrigues wins face-off versus Roope Hintz in ST. LOUIS Blues zone.
10:30 of 1st period - Shot by Erik Karlsson.
10:30 of 1st period - Deflect By Roope Hintz.
10:30 of 1st period - Stopped by Thatcher Demko with a rebound.
10:32 of 1st period - Shot by Marcus Johansson.
10:32 of 1st period - Deflect By Erik Haula.
10:32 of 1st period - Shot Blocked by Neal Pionk.
10:34 of 1st period - Shot by Damon Severson.
10:34 of 1st period - Shot Misses the Net.
10:55 of 1st period - Minor Penalty to Neal Pionk for Slashing.
10:56 of 1st period - Roope Hintz wins face-off versus Evan Rodrigues in COLUMBUS Blue Jackets zone.
11:23 of 1st period - Shot by Gustav Forsling.
11:23 of 1st period - Shot Misses the Net.
11:33 of 1st period - Shot by Erik Karlsson.
11:33 of 1st period - Stopped by Thatcher Demko with a rebound.
11:51 of 1st period - Shot by Damon Severson.
11:51 of 1st period - Shot Misses the Net.
12:07 of 1st period - Shot by Damon Severson.
12:07 of 1st period - Stopped by Thatcher Demko with a rebound.
12:09 of 1st period - Shot by Erik Haula.
12:09 of 1st period - Deflect By Evgeny Kuznetsov.
12:09 of 1st period - Stopped by Thatcher Demko without a rebound.
12:10 of 1st period - Erik Haula wins face-off versus Eric Staal in COLUMBUS Blue Jackets zone.
12:10 of 1st period - Erik Haula is hit by Martin Fehervary.
12:24 of 1st period - Shot by Jack Roslovic.
12:24 of 1st period - Deflect By Erik Haula.
12:24 of 1st period - Stopped by Thatcher Demko without a rebound.
12:25 of 1st period - Evan Rodrigues wins face-off versus Roope Hintz in COLUMBUS Blue Jackets zone.
12:54 of 1st period - Shot by Jonathan Marchessault.
12:54 of 1st period - Stopped by Thatcher Demko without a rebound.
12:55 of 1st period - Erik Haula wins face-off versus Andre Burakovsky in COLUMBUS Blue Jackets zone.
13:34 of 1st period - Shot by Andre Burakovsky.
13:34 of 1st period - Stopped by Filip Gustavsson without a rebound.
13:35 of 1st period - Roope Hintz wins face-off versus Anthony Cirelli in ST. LOUIS Blues zone.
13:44 of 1st period - Shot by Jack Roslovic.
13:44 of 1st period - Stopped by Thatcher Demko without a rebound.
13:45 of 1st period - Anthony Cirelli wins face-off versus Evgeny Kuznetsov in COLUMBUS Blue Jackets zone.
15:30 of 1st period - Martin Fehervary is hit by Jack Roslovic and loses puck.
15:40 of 1st period - Ondrej Palat is hit by Gustav Forsling and loses puck.
15:50 of 1st period - Icing by Erik Karlsson.
15:51 of 1st period - Travis Boyd wins face-off versus Roope Hintz in ST. LOUIS Blues zone.
16:31 of 1st period - Off-side.
16:32 of 1st period - Anthony Cirelli wins face-off versus Evgeny Kuznetsov in neutral zone.
16:34 of 1st period - Off-side.
16:35 of 1st period - Evgeny Kuznetsov wins face-off versus Anthony Cirelli in neutral zone.
16:46 of 1st period - Shot by Jonathan Marchessault.
16:46 of 1st period - Stopped by Thatcher Demko with a rebound.
17:00 of 1st period - Shot by Oliver Bjorkstrand.
17:00 of 1st period - Shot Misses the Net.
17:02 of 1st period - Shot by Damon Severson.
17:02 of 1st period - Shot Misses the Net.
17:04 of 1st period - Shot by Damon Severson.
17:04 of 1st period - Shot Misses the Net.
17:06 of 1st period - Shot by Oliver Bjorkstrand.
17:06 of 1st period - Stopped by Thatcher Demko without a rebound.
17:07 of 1st period - Erik Haula wins face-off versus Lars Eller in COLUMBUS Blue Jackets zone.
17:07 of 1st period - Colin Miller is hit by Dmitry Orlov and loses puck.
17:48 of 1st period - Shot by Lars Eller.
17:48 of 1st period - Shot Blocked by Colin Miller.
18:25 of 1st period - Minor Penalty to Gustav Forsling for Slashing.
18:26 of 1st period - Evan Rodrigues wins face-off versus Roope Hintz in ST. LOUIS Blues zone.
18:26 of 1st period - Neal Pionk is hit by Erik Karlsson.
18:54 of 1st period - Shot by Neal Pionk.
18:54 of 1st period - Shot Misses the Net.
19:34 of 1st period - Shot by Artturi Lehkonen.
19:34 of 1st period - Stopped by Filip Gustavsson with a rebound.
19:36 of 1st period - Shot by Dmitry Orlov.
19:36 of 1st period - Goal by Dmitry Orlov - ST. LOUIS Blues : 1 - COLUMBUS Blue Jackets : 2.
19:37 of 1st period - Erik Haula wins face-off versus Travis Boyd in neutral zone.
19:37 of 1st period - Erik Haula is hit by Travis Boyd.
19:58 of 1st period - Erik Haula is hit by Ryan Poehling and loses puck.
Goals for this period are 1 for ST. LOUIS Blues vs 2 for COLUMBUS Blue Jackets.
Shots for this period are 16 for ST. LOUIS Blues vs 7 for COLUMBUS Blue Jackets.

2nd period


0:01 of 2nd period - Anthony Cirelli wins face-off versus Calle Jarnkrok in neutral zone.
0:19 of 2nd period - Icing by Ryan Pulock.
0:20 of 2nd period - Evgeny Kuznetsov wins face-off versus Anthony Cirelli in COLUMBUS Blue Jackets zone.
0:33 of 2nd period - Shot by Evgeny Kuznetsov.
0:33 of 2nd period - Stopped by Thatcher Demko without a rebound.
0:34 of 2nd period - Eric Staal wins face-off versus Roope Hintz in COLUMBUS Blue Jackets zone.
1:32 of 2nd period - Anthony Cirelli is hit by Roope Hintz and loses puck.
1:51 of 2nd period - Shot by Anthony Cirelli.
1:51 of 2nd period - Shot Misses the Net.
2:22 of 2nd period - Icing by Matt Benning.
2:23 of 2nd period - Evgeny Kuznetsov wins face-off versus Lars Eller in COLUMBUS Blue Jackets zone.
3:06 of 2nd period - Shot by Lars Eller.
3:06 of 2nd period - Goal by Lars Eller - ST. LOUIS Blues : 1 - COLUMBUS Blue Jackets : 3.
3:07 of 2nd period - Erik Haula wins face-off versus Eric Staal in neutral zone.
3:40 of 2nd period - Shot by Marcus Johansson.
3:40 of 2nd period - Stopped by Thatcher Demko with a rebound.
3:53 of 2nd period - Icing by Evan Rodrigues.
3:54 of 2nd period - Ondrej Palat wins face-off versus Evgeny Kuznetsov in COLUMBUS Blue Jackets zone.
3:54 of 2nd period - Evan Rodrigues is hit by Evgeny Kuznetsov and loses puck.
4:22 of 2nd period - Evgeny Kuznetsov is hit by Dmitry Orlov and loses puck.
4:26 of 2nd period - Icing by Ryan Pulock.
4:27 of 2nd period - Robby Fabbri wins face-off versus Anthony Cirelli in COLUMBUS Blue Jackets zone.
4:38 of 2nd period - Shot by Roope Hintz.
4:38 of 2nd period - Shot Misses the Net.
4:48 of 2nd period - Shot by Roope Hintz.
4:48 of 2nd period - Stopped by Thatcher Demko without a rebound.
4:49 of 2nd period - Erik Haula wins face-off versus Lars Eller in COLUMBUS Blue Jackets zone.
4:53 of 2nd period - Icing by Kailer Yamamoto.
4:54 of 2nd period - Evgeny Kuznetsov wins face-off versus Lars Eller in COLUMBUS Blue Jackets zone.
5:08 of 2nd period - Shot by Lars Eller.
5:08 of 2nd period - Shot Misses the Net.
5:10 of 2nd period - Shot by Matt Benning.
5:10 of 2nd period - Shot Blocked by Erik Gustafsson.
5:12 of 2nd period - Shot by Matt Benning.
5:12 of 2nd period - Shot Misses the Net.
5:14 of 2nd period - Shot by Matt Benning.
5:14 of 2nd period - Goal by Matt Benning - ST. LOUIS Blues : 1 - COLUMBUS Blue Jackets : 4.
5:15 of 2nd period - Anthony Cirelli wins face-off versus Roope Hintz in neutral zone.
5:38 of 2nd period - Shot by Artturi Lehkonen.
5:38 of 2nd period - Shot Blocked by Roope Hintz.
5:40 of 2nd period - Shot by Anthony Cirelli.
5:40 of 2nd period - Shot Misses the Net.
5:42 of 2nd period - Shot by Anthony Cirelli.
5:42 of 2nd period - Stopped by Filip Gustavsson with a rebound.
5:44 of 2nd period - Shot by Dmitry Orlov.
5:44 of 2nd period - Stopped by Filip Gustavsson without a rebound.
5:45 of 2nd period - Lars Eller wins face-off versus Oliver Bjorkstrand in ST. LOUIS Blues zone.
5:46 of 2nd period - Shot by Martin Fehervary.
5:46 of 2nd period - Shot Misses the Net.
5:52 of 2nd period - Shot by Oliver Bjorkstrand.
5:52 of 2nd period - Shot Misses the Net.
6:04 of 2nd period - Shot by Evgeny Kuznetsov.
6:04 of 2nd period - Stopped by Thatcher Demko without a rebound.
6:05 of 2nd period - Eric Staal wins face-off versus Robby Fabbri in COLUMBUS Blue Jackets zone.
6:05 of 2nd period - Eric Staal is hit by Roope Hintz.
6:17 of 2nd period - Shot by Evan Rodrigues.
6:17 of 2nd period - Stopped by Filip Gustavsson with a rebound.
7:07 of 2nd period - Blake Coleman is hit by Gustav Forsling.
7:15 of 2nd period - Shot by Anthony Cirelli.
7:15 of 2nd period - Stopped by Filip Gustavsson without a rebound.
7:16 of 2nd period - Evgeny Kuznetsov wins face-off versus Lars Eller in ST. LOUIS Blues zone.
7:16 of 2nd period - Evgeny Kuznetsov is hit by Kailer Yamamoto.
7:30 of 2nd period - Oliver Bjorkstrand is hit by Lars Eller and loses puck.
7:53 of 2nd period - Shot by Kailer Yamamoto.
7:53 of 2nd period - Shot Misses the Net.
8:09 of 2nd period - Shot by Anthony Cirelli.
8:09 of 2nd period - Shot Blocked by Erik Gustafsson.
8:11 of 2nd period - Shot by Artturi Lehkonen.
8:11 of 2nd period - Stopped by Filip Gustavsson without a rebound.
8:12 of 2nd period - Erik Haula wins face-off versus Anthony Cirelli in ST. LOUIS Blues zone.
8:36 of 2nd period - Off-side.
8:37 of 2nd period - Eric Staal wins face-off versus Roope Hintz in neutral zone.
9:09 of 2nd period - Icing by Eric Staal.
9:10 of 2nd period - Evgeny Kuznetsov wins face-off versus Eric Staal in COLUMBUS Blue Jackets zone.
9:21 of 2nd period - Shot by Evgeny Kuznetsov.
9:21 of 2nd period - Shot Blocked by Martin Fehervary.
9:24 of 2nd period - Icing by Martin Fehervary.
9:25 of 2nd period - Eric Staal wins face-off versus Erik Haula in COLUMBUS Blue Jackets zone.
9:32 of 2nd period - Shot by Evan Rodrigues.
9:32 of 2nd period - Shot Misses the Net.
9:34 of 2nd period - Shot by Martin Fehervary.
9:34 of 2nd period - Shot Misses the Net.
9:36 of 2nd period - Shot by Ondrej Palat.
9:36 of 2nd period - Stopped by Filip Gustavsson without a rebound.
9:37 of 2nd period - Anthony Cirelli wins face-off versus Roope Hintz in ST. LOUIS Blues zone.
9:42 of 2nd period - Shot by Artturi Lehkonen.
9:42 of 2nd period - Shot Misses the Net.
9:59 of 2nd period - Artturi Lehkonen is hit by Erik Brannstrom and loses puck.
10:09 of 2nd period - Minor Penalty to Erik Karlsson for Hooking.
10:10 of 2nd period - Evan Rodrigues wins face-off versus Roope Hintz in ST. LOUIS Blues zone.
10:49 of 2nd period - Shot by Ondrej Palat.
10:49 of 2nd period - Shot Misses the Net.
11:38 of 2nd period - Icing by Dmitry Orlov.
11:39 of 2nd period - Erik Haula wins face-off versus Anthony Cirelli in COLUMBUS Blue Jackets zone.
12:34 of 2nd period - Shot by Jack Roslovic.
12:34 of 2nd period - Shot Blocked by Travis Boyd.
12:36 of 2nd period - Shot by Calle Jarnkrok.
12:36 of 2nd period - Goal by Calle Jarnkrok - ST. LOUIS Blues : 2 - COLUMBUS Blue Jackets : 4.
12:37 of 2nd period - Erik Haula wins face-off versus Lars Eller in neutral zone.
13:03 of 2nd period - Shot by Andre Burakovsky.
13:03 of 2nd period - Deflect By Kailer Yamamoto.
13:03 of 2nd period - Shot Misses the Net.
13:15 of 2nd period - Brandon Tanev is hit by Martin Fehervary and loses puck.
13:40 of 2nd period - Shot by Evgeny Kuznetsov.
13:40 of 2nd period - Shot Misses the Net.
13:42 of 2nd period - Shot by Erik Karlsson.
13:42 of 2nd period - Shot Misses the Net.
13:44 of 2nd period - Shot by Oliver Bjorkstrand.
13:44 of 2nd period - Shot Misses the Net.
13:46 of 2nd period - Shot by Oliver Bjorkstrand.
13:46 of 2nd period - Deflect By Jonathan Marchessault.
13:46 of 2nd period - Shot Blocked by Calvin de Haan.
14:02 of 2nd period - Shot by Jonathan Marchessault.
14:02 of 2nd period - Shot Misses the Net.
14:04 of 2nd period - Shot by Evgeny Kuznetsov.
14:04 of 2nd period - Stopped by Thatcher Demko without a rebound.
14:05 of 2nd period - Roope Hintz wins face-off versus Anthony Cirelli in COLUMBUS Blue Jackets zone.
15:13 of 2nd period - Shot by Evan Rodrigues.
15:13 of 2nd period - Shot Misses the Net.
15:15 of 2nd period - Shot by Ondrej Palat.
15:15 of 2nd period - Deflect By Evan Rodrigues.
15:15 of 2nd period - Goal by Evan Rodrigues - ST. LOUIS Blues : 2 - COLUMBUS Blue Jackets : 5.
15:15 of 2nd period - Marc-Andre Fleury enters game.
15:16 of 2nd period - Lars Eller wins face-off versus Evgeny Kuznetsov in neutral zone.
15:26 of 2nd period - Icing by Martin Fehervary.
15:27 of 2nd period - Erik Haula wins face-off versus Lars Eller in COLUMBUS Blue Jackets zone.
15:30 of 2nd period - Shot by Brandon Tanev.
15:30 of 2nd period - Shot Misses the Net.
15:32 of 2nd period - Shot by Brandon Tanev.
15:32 of 2nd period - Shot Blocked by Martin Fehervary.
15:34 of 2nd period - Shot by Brandon Tanev.
15:34 of 2nd period - Shot Blocked by Martin Fehervary.
16:38 of 2nd period - Shot by Gustav Forsling.
16:38 of 2nd period - Stopped by Thatcher Demko without a rebound.
16:39 of 2nd period - Anthony Cirelli wins face-off versus Robby Fabbri in COLUMBUS Blue Jackets zone.
17:22 of 2nd period - Blake Coleman is hit by Oscar Klefbom.
17:33 of 2nd period - Off-side.
17:34 of 2nd period - Eric Staal wins face-off versus Evgeny Kuznetsov in neutral zone.
17:41 of 2nd period - Shot by Jonathan Marchessault.
17:41 of 2nd period - Goal by Jonathan Marchessault - ST. LOUIS Blues : 3 - COLUMBUS Blue Jackets : 5.
17:42 of 2nd period - Evgeny Kuznetsov wins face-off versus Eric Staal in neutral zone.
18:20 of 2nd period - Shot by Evan Rodrigues.
18:20 of 2nd period - Shot Blocked by Gustav Forsling.
Goals for this period are 2 for ST. LOUIS Blues vs 3 for COLUMBUS Blue Jackets.
Shots for this period are 8 for ST. LOUIS Blues vs 9 for COLUMBUS Blue Jackets.

3rd period


0:01 of 3rd period - Anthony Cirelli wins face-off versus Roope Hintz in neutral zone.
0:16 of 3rd period - Shot by Roope Hintz.
0:16 of 3rd period - Stopped by Thatcher Demko without a rebound.
0:17 of 3rd period - Evgeny Kuznetsov wins face-off versus Lars Eller in COLUMBUS Blue Jackets zone.
0:20 of 3rd period - Shot by Oliver Bjorkstrand.
0:20 of 3rd period - Stopped by Thatcher Demko without a rebound.
0:21 of 3rd period - Jack Roslovic wins face-off versus Blake Coleman in COLUMBUS Blue Jackets zone.
0:29 of 3rd period - Calle Jarnkrok is hit by Dmitry Orlov and loses puck.
0:33 of 3rd period - Jack Roslovic is hit by Dmitry Orlov and loses puck.
0:52 of 3rd period - Shot by Jack Roslovic.
0:52 of 3rd period - Shot Misses the Net.
0:58 of 3rd period - Shot by Calle Jarnkrok.
0:58 of 3rd period - Shot Misses the Net.
1:04 of 3rd period - Shot by Roope Hintz.
1:04 of 3rd period - Shot Misses the Net.
1:06 of 3rd period - Shot by Jack Roslovic.
1:06 of 3rd period - Stopped by Thatcher Demko without a rebound.
1:07 of 3rd period - Evgeny Kuznetsov wins face-off versus Lars Eller in COLUMBUS Blue Jackets zone.
1:59 of 3rd period - Evgeny Kuznetsov is hit by Lars Eller and loses puck.
2:13 of 3rd period - Off-side.
2:14 of 3rd period - Roope Hintz wins face-off versus Anthony Cirelli in neutral zone.
2:29 of 3rd period - Off-side.
2:30 of 3rd period - Travis Boyd wins face-off versus Erik Haula in neutral zone.
2:30 of 3rd period - Travis Boyd is hit by Brandon Tanev.
2:50 of 3rd period - Zemgus Girgensons is hit by Erik Haula and loses puck.
3:46 of 3rd period - Shot by Roope Hintz.
3:46 of 3rd period - Stopped by Thatcher Demko without a rebound.
3:47 of 3rd period - Eric Staal wins face-off versus Evgeny Kuznetsov in COLUMBUS Blue Jackets zone.
4:20 of 3rd period - Shot by Oliver Bjorkstrand.
4:20 of 3rd period - Deflect By Jonathan Marchessault.
4:20 of 3rd period - Shot Misses the Net.
4:56 of 3rd period - Shot by Roope Hintz.
4:56 of 3rd period - Shot Misses the Net.
4:58 of 3rd period - Shot by Calle Jarnkrok.
4:58 of 3rd period - Shot Misses the Net.
5:00 of 3rd period - Shot by Jack Roslovic.
5:00 of 3rd period - Stopped by Thatcher Demko without a rebound.
5:01 of 3rd period - Erik Haula wins face-off versus Blake Coleman in COLUMBUS Blue Jackets zone.
5:10 of 3rd period - Icing by Ryan Pulock.
5:11 of 3rd period - Anthony Cirelli wins face-off versus Robby Fabbri in COLUMBUS Blue Jackets zone.
6:41 of 3rd period - Shot by Lars Eller.
6:41 of 3rd period - Stopped by Marc-Andre Fleury with a rebound.
7:55 of 3rd period - Erik Haula is hit by Evan Rodrigues and loses puck.
8:24 of 3rd period - Shot by Roope Hintz.
8:24 of 3rd period - Shot Blocked by Zemgus Girgensons.
8:26 of 3rd period - Shot by Gustav Forsling.
8:26 of 3rd period - Shot Misses the Net.
8:28 of 3rd period - Shot by Roope Hintz.
8:28 of 3rd period - Stopped by Thatcher Demko with a rebound.
10:37 of 3rd period - Shot by Lars Eller.
10:37 of 3rd period - Stopped by Marc-Andre Fleury without a rebound.
10:38 of 3rd period - Eric Staal wins face-off versus Brandon Tanev in ST. LOUIS Blues zone.
11:03 of 3rd period - Icing by Martin Fehervary.
11:04 of 3rd period - Eric Staal wins face-off versus Evgeny Kuznetsov in COLUMBUS Blue Jackets zone.
11:04 of 3rd period - Eric Staal is hit by Evgeny Kuznetsov.
12:03 of 3rd period - Evan Rodrigues is hit by Brandon Tanev and loses puck.
12:16 of 3rd period - Shot by Artturi Lehkonen.
12:16 of 3rd period - Deflect By Anthony Cirelli.
12:16 of 3rd period - Shot Hit the Post.
12:31 of 3rd period - Blake Coleman is hit by Erik Karlsson and loses puck.
12:51 of 3rd period - Shot by Anthony Cirelli.
12:51 of 3rd period - Stopped by Marc-Andre Fleury with a rebound.
12:55 of 3rd period - Shot by Artturi Lehkonen.
12:55 of 3rd period - Shot Misses the Net.
13:27 of 3rd period - Shot by Roope Hintz.
13:27 of 3rd period - Stopped by Thatcher Demko without a rebound.
13:28 of 3rd period - Evgeny Kuznetsov wins face-off versus Travis Boyd in COLUMBUS Blue Jackets zone.
13:37 of 3rd period - Shot by Damon Severson.
13:37 of 3rd period - Stopped by Thatcher Demko without a rebound.
13:38 of 3rd period - Roope Hintz wins face-off versus Travis Boyd in COLUMBUS Blue Jackets zone.
14:00 of 3rd period - Icing by Ryan Poehling.
14:01 of 3rd period - Travis Boyd wins face-off versus Evgeny Kuznetsov in COLUMBUS Blue Jackets zone.
14:01 of 3rd period - Travis Boyd is hit by Evgeny Kuznetsov.
14:02 of 3rd period - Minor Penalty to Evgeny Kuznetsov for Roughing.
14:03 of 3rd period - Roope Hintz wins face-off versus Anthony Cirelli in ST. LOUIS Blues zone.
14:14 of 3rd period - Shot by Martin Fehervary.
14:14 of 3rd period - Stopped by Marc-Andre Fleury without a rebound.
14:15 of 3rd period - Roope Hintz wins face-off versus Evan Rodrigues in ST. LOUIS Blues zone.
15:23 of 3rd period - Blake Coleman is hit by Gustav Forsling and loses puck.
15:34 of 3rd period - Shot by Blake Coleman.
15:34 of 3rd period - Stopped by Marc-Andre Fleury with a rebound.
15:36 of 3rd period - Shot by Anthony Cirelli.
15:36 of 3rd period - Stopped by Marc-Andre Fleury without a rebound.
15:37 of 3rd period - Erik Haula wins face-off versus Anthony Cirelli in ST. LOUIS Blues zone.
15:50 of 3rd period - Shot by Neal Pionk.
15:50 of 3rd period - Stopped by Marc-Andre Fleury without a rebound.
15:51 of 3rd period - Evan Rodrigues wins face-off versus Roope Hintz in ST. LOUIS Blues zone.
16:02 of 3rd period - Shot by Ondrej Palat.
16:02 of 3rd period - Shot Misses the Net.
16:04 of 3rd period - Shot by Calvin de Haan.
16:04 of 3rd period - Stopped by Marc-Andre Fleury without a rebound.
16:05 of 3rd period - Travis Boyd wins face-off versus Erik Haula in ST. LOUIS Blues zone.
16:31 of 3rd period - Icing by Calvin de Haan.
16:32 of 3rd period - Evgeny Kuznetsov wins face-off versus Travis Boyd in COLUMBUS Blue Jackets zone.
16:43 of 3rd period - Shot by Calvin de Haan.
16:43 of 3rd period - Stopped by Marc-Andre Fleury without a rebound.
16:44 of 3rd period - Roope Hintz wins face-off versus Anthony Cirelli in ST. LOUIS Blues zone.
17:07 of 3rd period - Shot by Anthony Cirelli.
17:07 of 3rd period - Shot Blocked by Oscar Klefbom.
17:09 of 3rd period - Shot by Blake Coleman.
17:09 of 3rd period - Goal by Blake Coleman - ST. LOUIS Blues : 3 - COLUMBUS Blue Jackets : 6.
17:10 of 3rd period - Lars Eller wins face-off versus Jonathan Marchessault in neutral zone.
18:08 of 3rd period - Off-side.
18:09 of 3rd period - Roope Hintz wins face-off versus Anthony Cirelli in neutral zone.
18:15 of 3rd period - Calle Jarnkrok is hit by Ryan Pulock and loses puck.
18:18 of 3rd period - Shot by Calle Jarnkrok.
18:18 of 3rd period - Stopped by Thatcher Demko without a rebound.
18:19 of 3rd period - Blake Coleman wins face-off versus Roope Hintz in COLUMBUS Blue Jackets zone.
18:21 of 3rd period - Minor Penalty to Jack Roslovic for Hooking.
18:22 of 3rd period - Anthony Cirelli wins face-off versus Roope Hintz in ST. LOUIS Blues zone.
18:42 of 3rd period - Anthony Cirelli is hit by Oscar Klefbom and loses puck.
18:47 of 3rd period - Shot by Ryan Pulock.
18:47 of 3rd period - Stopped by Marc-Andre Fleury with a rebound.
18:49 of 3rd period - Shot by Dmitry Orlov.
18:49 of 3rd period - Shot Misses the Net.
18:51 of 3rd period - Shot by Blake Coleman.
18:51 of 3rd period - Shot Misses the Net.
18:53 of 3rd period - Shot by Ryan Pulock.
18:53 of 3rd period - Shot Hit the Post.
Goals for this period are 0 for ST. LOUIS Blues vs 1 for COLUMBUS Blue Jackets.
Shots for this period are 9 for ST. LOUIS Blues vs 11 for COLUMBUS Blue Jackets. Output by the SimonT Hockey Simulator (STHS) for Martin Benoit - Original Page W3C HTML5 Valid
Hockey Simulator - Hockey Simulation - Hockey Manager